 Dungeon Sprint DCSS version 0.17-a0-1515-gfae3d72 (webtiles) character file.

75614 nuthulu the Slayer (level 15, -20/118 HPs)
             Began as a Gargoyle Fighter on July 12, 2015.
             Was the Champion of Okawaru.
             Killed from afar by Xtahua (73 damage)
             ... with a searing blast
             ... in the Dungeon (Sprint IX: "|||||||||||||||||||||||||||||").
             The game lasted 00:19:16 (6053 turns).

nuthulu the Slayer (Gargoyle Fighter)               Turns: 6053, Time: 00:19:16

Health: -20/118    AC: 50    Str: 21    XL:     15   Next: 50%
Magic:  19/24      EV: 20    Int: 15    God:    Okawaru [******]
Gold:   711        SH: 20    Dex: 19    Spells: 0 memorised, 14 levels left

rFire  . . .     SeeInvis .     J - +6 mace (crush)
rCold  . . .     Clarity  .     D - +2 plate armour {MR+}
rNeg   + + .     SustAt   .     L - +2 shield {rN+}
rPois  ∞         Gourm    .     p - +2 helmet
rElec  +         Spirit   .     O - +1 cloak {MR+}
rCorr  .         Warding  .     g - +2 pair of gloves of the Hills {+Blink Int+3}
rMut   .         NoTele   +     (no boots)
MR     +++..                    (no amulet)
Stlth  ..........               K - +6 ring of dexterity
                                z - +4 ring of protection

@: heroism, finesse, extremely resistant to hostile enchantments, extremely
unstealthy
A: big wings, clever 1, negative energy resistance 1, electricity resistance,
unbreathing, petrification resistance, rot immunity, AC +11
a: Fly, Heroism, Finesse, Renounce Religion, Evoke Blink


You were in the Dungeon.
You worshipped Okawaru.
Okawaru was exalted by your worship.
You were not hungry.

You visited 1 branch You collected 1911 gold pieces.
You spent 1200 gold pieces at shops.

Inventory:

Hand weapons
 a - a +0 flail
 C - a +3 morningstar of draining
 J - a +6 mace of crushing (weapon)
Armour
 g - the +2 pair of gloves of the Hills (worn) {+Blink Int+3}
   (Okawaru gifted it to you in the Dungeon)

   It affects your intelligence (+3).
   It lets you blink.
 p - a +2 helmet (worn)
 q - a +0 plate armour
 D - a +2 plate armour of magic resistance (worn)
 E - a +1 cloak
 L - a +2 shield of positive energy (worn)
 O - a +1 cloak of magic resistance (worn)
Jewellery
 c - a +6 ring of dexterity
 o - an uncursed ring of ice
 r - a +2 ring of protection
 s - a +3 ring of dexterity
 v - the ring of the Manifold Tales {rF- rC+ Int+3 Dex+4}
   (You found it in the Dungeon)

   [ring of protection from cold]

   It affects your intelligence (+3).
   It affects your dexterity (+4).
   It makes you vulnerable to fire.
   It protects you from cold.
 z - a +4 ring of protection (left hand)
 F - an uncursed ring of protection from magic
 K - a +6 ring of dexterity (right hand)
 M - a +4 ring of protection
 N - a +6 ring of intelligence
Magical devices
 n - a wand of fire (7)
Scrolls
 k - 5 scrolls of blinking
 l - 6 scrolls of remove curse
 m - 2 scrolls of amnesia
 w - 3 scrolls of identify
 y - a scroll of recharging
 H - 4 scrolls of fear
 I - a scroll of fog
Potions
 b - a potion of ambrosia {unknown}
 d - a potion of invisibility
 f - 6 potions of curing
 h - a potion of haste
 i - 4 potions of magic
 j - 2 potions of berserk rage
 t - a potion of resistance
 u - 5 potions of might
 x - 3 potions of heal wounds
 G - 3 potions of cure mutation
 P - a potion of agility
 Q - a potion of brilliance
Comestibles
 e - 11 bread rations
 A - 40 fruits
 B - 11 meat rations


   Skills:
 + Level 22.6(27) Fighting
 - Level 16.2(21.2) Maces & Flails
 + Level 22.5(27) Armour
 + Level 13.0(18.0) Dodging
 - Level 20.1(25.1) Shields
 + Level 12.6 Invocations


You had 14 spell levels left.
You didn't know any spells.

Dungeon Overview and Level Annotations

Branches:
Dungeon (1/1)

Altars:
Cheibriados
Dithmenos
Elyvilon
Fedhas
Gozag
Kikubaaqudgha
Makhleb
Nemelex Xobeh
Okawaru
Qazlal
Ru
Sif Muna
Trog
Vehumet
Xom
Yredelemnul
Zin
The Shining One
Beogh
Jiyva
Lugonu

Shops:
D *[!:

Annotations:
D Xtahua


Innate Abilities, Weirdness & Mutations

You are resistant to torment.
Your stone body is resilient (AC +11).
You are immune to poison.
Your large and strong wings let you fly indefinitely.
You resist negative energy.
You are resistant to electric shocks.
You can survive without breathing.
You are immune to petrification.
You are immune to rotting.
Your mind is acute. (Int +2)


Message History

You sock Xtahua!
Xtahua is heavily wounded.
You sock Xtahua!
Xtahua is severely wounded.
You hit Xtahua.
Xtahua is severely wounded.
You block Xtahua's attack. x2
Xtahua barely misses you.
You sock Xtahua!
Xtahua is severely wounded.
You hit Xtahua.
Xtahua is severely wounded.
You hit Xtahua but do no damage.
Xtahua is severely wounded.
You barely miss Xtahua.
Xtahua is severely wounded.
Xtahua breathes flames at you. The searing blast hits you!
Ouch! That really hurt!
You die...

▓.▓.▓.▓.▓.▓.▓.▓.▓.▓
▓.▓.▓.▓.▓.▓.▓.▓.▓.▓
▓.▓.▓.▓.▓.▓.▓.▓.▓.▓
▓.▓.▓.▓.▓.▓.▓.▓.▓.▓
▓.▓.▓.▓.▓.▓.▓.▓.▓.▓
▓.▓.▓.▓.▓.▓.▓.▓.▓.▓
▓.▓.▓.▓.▓.▓.▓.▓.▓.▓
▓.▓§▓.▓.▓.▓.▓.▓.▓.▓
▓D@§▓...▓...▓...▓..
▓▓▓▓▓▓▓▓▓▓▓▓▓▓▓▓▓▓▓


You could see Xtahua.

Vanquished Creatures
  Mara (D)
  Frederick (D)
  Saint Roka (D)
  Jory (D)
  A tentacled monstrosity (D)
  A greater naga (D)
  A fire giant (D)
  A vault warden (D)
  2 frost giants (D)
  A very ugly thing (D)
  3 stone giants (D)
  A mottled draconian (D)
  3 ettins (D)
  A merfolk impaler (D)
  A crystal guardian (D)
  A great orb of eyes (D)
  2 yaktaur captains (D)
  An entropy weaver (D)
  A naga warrior (D)
  A hydra (D)
  An anaconda (D)
  4 ogre magi (D)
  A merfolk aquamancer (D)
  11 orc high priests (D)
  4 centaur warriors (D)
  A deep troll shaman (D)
  A shock serpent (D)
  A naga sharpshooter (D)
  Sonja (D)
  A skeletal warrior (D)
  A sea snake (D)
  A necromancer (D)
  4 orc knights (D)
  A naga ritualist (D)
  4 hill giants (D)
  2 ironbrand convokers (D)
  A wizard (D)
  3 lindwurms (D)
  3 griffons (D)
  An orb spider (D)
  A wolf spider (D)
  An ugly thing (D)
  A harpy (D)
  4 hornets (D)
  2 cyclopes (D)
  A siren (D)
  Maurice (D)
  Joseph (D)
  A guardian serpent (D)
  2 spiny frogs (D)
  A gargoyle (D)
  A black mamba (D)
  4 yaktaurs (D)
  A kobold demonologist (D)
  A komodo dragon (D)
  A fire drake (D)
  3 demonic crawlers (D)
  A tengu conjurer (D)
  A troll (D)
  A merfolk (D)
  A giant leech (D)
  A snapping turtle (D)
  A wind drake (D)
  2 trapdoor spiders (D)
  A bog body (D)
  2 slime creatures (D)
  2 spriggans (D)
  A trapdoor spider (shapeshifter) (D)
  A basilisk (D)
  2 vampire mosquitoes (D)
  A basilisk (shapeshifter) (D)
  Eustachio (D)
  A hippogriff (shapeshifter) (D)
  2 water moccasins (D)
  A wolf (D)
  A swamp drake (D)
  8 orc warriors (D)
  A naga (D)
  3 porcupines (D)
  2 wasps (D)
  A centaur (D)
  2 ogres (D)
  7 crocodiles (D)
  3 giant frogs (D)
  A brain worm (D)
  A crimson imp (D)
  9 orc priests (D)
  A worker ant (D)
  3 orc wizards (D)
  3 iguanas (D)
  3 adders (D)
  2 adder zombies (D)
  4 worms (D)
  8 orcs (D)
  A bat zombie (D)
  A hobgoblin (D)
  3 kobolds (D)
  A bat (D)
  A rat (D)
193 creatures vanquished.

Vanquished Creatures (others)
  A giant orange brain (D)
  A wasp (D)
2 creatures vanquished.

Grand Total: 195 creatures vanquished

Notes
Turn   | Place    | Note
--------------------------------------------------------------
     0 | D        | nuthulu the Gargoyle Fighter began the quest for the Orb.
     0 | D        | Reached XP level 1. HP: 14/14 MP: 1/1
    76 | D        | Noticed an iguana
    76 | D        | Noticed an ogre
    81 | D        | Killed an iguana
    81 | D        | Reached skill level 4 in Fighting
    81 | D        | Reached XP level 2. HP: 5/20 MP: 2/2
    81 | D        | Reached XP level 3. HP: 6/24 MP: 3/3
    83 | D        | Killed an ogre
    83 | D        | Reached skill level 5 in Fighting
    83 | D        | Reached skill level 5 in Armour
    83 | D        | Reached skill level 6 in Shields
    83 | D        | Reached XP level 4. HP: 7/32 MP: 4/4
    88 | D        | Reached skill level 5 in Maces & Flails
    88 | D        | Reached XP level 5. HP: 7/36 MP: 5/5
   248 | D        | Found a glowing silver altar of Zin.
   248 | D        | Found a glowing golden altar of the Shining One.
   248 | D        | Found an ancient bone altar of Kikubaaqudgha.
   248 | D        | Found a basalt altar of Yredelemnul.
   248 | D        | Found a shimmering altar of Xom.
   248 | D        | Found a radiant altar of Vehumet.
   316 | D        | Found an iron altar of Okawaru.
   317 | D        | Found a burning altar of Makhleb.
   318 | D        | Found a deep blue altar of Sif Muna.
   319 | D        | Found a bloodstained altar of Trog.
   320 | D        | Found a sparkling altar of Nemelex Xobeh.
   321 | D        | Found a white marble altar of Elyvilon.
   322 | D        | Found a roughly hewn altar of Beogh.
   323 | D        | Found a viscous altar of Jiyva.
   324 | D        | Became a worshipper of Warmaster Okawaru
   325 | D        | Found a corrupted altar of Lugonu.
   326 | D        | Found a blossoming altar of Fedhas.
   327 | D        | Found a snail-covered altar of Cheibriados.
   330 | D        | Found a shadowy altar of Dithmenos.
   331 | D        | Found a stormy altar of Qazlal.
   332 | D        | Found an opulent altar of Gozag.
   333 | D        | Found a sacrificial altar of Ru.
   384 | D        | Noticed a giant frog
   384 | D        | Noticed a giant frog
   396 | D        | Killed a giant frog
   396 | D        | Reached skill level 7 in Armour
   401 | D        | Killed a giant frog
   401 | D        | Reached XP level 6. HP: 32/44 MP: 6/6
   496 | D        | Noticed a crimson imp
   496 | D        | Noticed a kobold demonologist
   496 | D        | Noticed a worker ant
   496 | D        | Noticed a centaur warrior
   496 | D        | Noticed a centaur warrior
   496 | D        | Noticed a cyclops
   513 | D        | Killed a kobold demonologist
   513 | D        | Acquired Okawaru's first power
   513 | D        | Reached skill level 8 in Fighting
   513 | D        | Reached skill level 9 in Armour
   513 | D        | Reached XP level 7. HP: 48/50 MP: 7/7
   528 | D        | Killed a centaur warrior
   528 | D        | Reached skill level 10 in Fighting
   528 | D        | Reached skill level 10 in Armour
   528 | D        | Reached skill level 10 in Shields
   528 | D        | Reached XP level 8. HP: 29/58 MP: 6/8
   538 | D        | Killed a centaur warrior
   538 | D        | Reached skill level 11 in Fighting
   538 | D        | Reached skill level 10 in Maces & Flails
   538 | D        | Reached XP level 9. HP: 23/64 MP: 6/9
   540 | D        | HP: 3/64 [cyclops (13)]
   549 | D        | Killed a cyclops
   554 | D        | Killed a worker ant
   561 | D        | Killed a crimson imp
   946 | D        | Got the ring of the Manifold Tales {rF- rC+ Int+3 Dex+4}
   963 | D        | Noticed a crocodile
   963 | D        | Noticed a crocodile
   963 | D        | Noticed a porcupine
   963 | D        | Noticed a spiny frog
   963 | D        | Noticed an iguana
   963 | D        | Noticed a crocodile
   967 | D        | Noticed an iguana
   968 | D        | Killed a crocodile
   971 | D        | Killed a crocodile
   972 | D        | Noticed a water moccasin
   973 | D        | Killed a porcupine
   973 | D        | Reached skill level 12 in Armour
   990 | D        | Killed a spiny frog
   994 | D        | Killed an iguana
   999 | D        | Killed a crocodile
  1001 | D        | Killed an iguana
  1010 | D        | Killed a water moccasin
  1048 | D        | Noticed a porcupine
  1069 | D        | Killed a porcupine
  1226 | D        | Noticed a crocodile
  1226 | D        | Noticed a porcupine
  1226 | D        | Noticed a wolf
  1226 | D        | Noticed a basilisk
  1226 | D        | Noticed a crocodile
  1226 | D        | Noticed a crocodile
  1234 | D        | Killed a crocodile
  1241 | D        | Killed a porcupine
  1252 | D        | Killed a wolf
  1252 | D        | Acquired Okawaru's second power
  1252 | D        | Reached XP level 10. HP: 51/72 MP: 8/10
  1253 | D        | Noticed a crocodile
  1262 | D        | Killed a basilisk
  1270 | D        | Killed a crocodile
  1270 | D        | Received a gift from Okawaru
  1279 | D        | Killed a crocodile
  1284 | D        | Killed a crocodile
  1285 | D        | Noticed a water moccasin
  1288 | D        | Noticed a fire drake
  1293 | D        | Killed a water moccasin
  1302 | D        | Killed a fire drake
  1302 | D        | Reached skill level 13 in Fighting
  1549 | D        | Noticed a lindwurm
  1549 | D        | Noticed a lindwurm
  1549 | D        | Noticed a lindwurm
  1558 | D        | Noticed a brain worm
  1564 | D        | Killed a lindwurm
  1577 | D        | Killed a lindwurm
  1583 | D        | Killed a lindwurm
  1598 | D        | Killed a brain worm
  1750 | D        | Noticed Sonja
  1769 | D        | Killed Sonja
  1769 | D        | Received a gift from Okawaru
  1769 | D        | Reached skill level 14 in Armour
  1829 | D        | Noticed an orc priest
  1829 | D        | Noticed an orc priest
  1829 | D        | Noticed an orc priest
  1829 | D        | Noticed an orc priest
  1829 | D        | Noticed an orc warrior
  1831 | D        | Noticed an orc priest
  1835 | D        | Killed an orc priest
  1836 | D        | Killed an orc priest
  1838 | D        | Noticed an orc wizard
  1846 | D        | Noticed an orc wizard
  1848 | D        | Killed an orc warrior
  1854 | D        | Killed an orc priest
  1859 | D        | Killed an orc priest
  1862 | D        | Killed an orc priest
  1866 | D        | Killed an orc wizard
  1872 | D        | Killed an orc wizard
  1979 | D        | Noticed an orc priest
  1979 | D        | Noticed an orc knight
  1979 | D        | Noticed an orc wizard
  1979 | D        | Noticed an orc warrior
  1979 | D        | Noticed an orc warrior
  1979 | D        | Noticed an orc warrior
  1981 | D        | Noticed an orc knight
  1986 | D        | Killed an orc knight
  1986 | D        | Reached XP level 11. HP: 77/80 MP: 3/11
  1987 | D        | Noticed an orc warrior
  1992 | D        | Killed an orc warrior
  1994 | D        | Killed an orc priest
  1995 | D        | Noticed an orc priest
  2007 | D        | Killed an orc knight
  2009 | D        | Noticed an orc warrior
  2010 | D        | Killed an orc warrior
  2011 | D        | Noticed an orc knight
  2017 | D        | Killed an orc wizard
  2019 | D        | Killed an orc warrior
  2023 | D        | Killed an orc warrior
  2028 | D        | Killed an orc warrior
  2030 | D        | Killed an orc priest
  2037 | D        | Killed an orc knight
  2130 | D        | Found Ydiett Gaebb's General Store.
  2130 | D        | Noticed an orc high priest
  2130 | D        | Noticed an orc high priest
  2130 | D        | Noticed an orc high priest
  2130 | D        | Noticed an orc priest
  2130 | D        | Noticed an orc high priest
  2132 | D        | Noticed an orc high priest
  2148 | D        | Killed an orc high priest
  2149 | D        | Found Alifetit's Antique Armour Shoppe.
  2149 | D        | Noticed an orc high priest
  2150 | D        | Noticed a soul eater
  2153 | D        | Killed an orc high priest
  2153 | D        | Reached skill level 15 in Fighting
  2153 | D        | Reached skill level 15 in Armour
  2153 | D        | Reached skill level 15 in Shields
  2157 | D        | Killed an orc high priest
  2158 | D        | Noticed a sun demon
  2159 | D        | Killed an orc priest
  2160 | D        | Found Alatuasu's Distillery.
  2162 | D        | Noticed an orc high priest
  2167 | D        | Killed an orc high priest
  2173 | D        | Killed an orc high priest
  2173 | D        | Received a gift from Okawaru
  2174 | D        | Found Poukaset's Book Shoppe.
  2189 | D        | Killed an orc high priest
  2192 | D        | Noticed an orc high priest
  2207 | D        | Killed an orc high priest
  2210 | D        | Noticed an orc priest
  2210 | D        | Noticed an orc high priest
  2211 | D        | Noticed an orc high priest
  2214 | D        | Noticed an orc high priest
  2216 | D        | Killed an orc high priest
  2216 | D        | Reached XP level 12. HP: 64/88 MP: 10/12
  2219 | D        | Killed an orc priest
  2232 | D        | Killed an orc high priest
  2232 | D        | Reached skill level 16 in Fighting
  2251 | D        | Killed an orc high priest
  2292 | D        | Killed an orc high priest
  2292 | D        | Reached skill level 15 in Maces & Flails
  2321 | D        | Got a pair of translucent gloves {god gift}
  2327 | D        | Identified the +2 pair of gloves of the Hills {+Blink Int+3} (Okawaru gifted it to you in the Dungeon)
  2572 | D        | Bought a potion of heal wounds for 50 gold pieces
  2572 | D        | Bought 2 potions of heal wounds for 100 gold pieces
  2572 | D        | Bought a potion of beneficial mutation for 350 gold pieces
  2572 | D        | Gained mutation: Your mind is acute. (Int +2) [potion of beneficial mutation]
  2575 | D        | Bought a shiny plate armour for 552 gold pieces
  2585 | D        | Bought a glowing cloak for 108 gold pieces
  2598 | D        | Bought a potion of might for 40 gold pieces
  2660 | D        | Noticed Eustachio
  2686 | D        | Noticed Joseph
  2694 | D        | Killed Eustachio
  2704 | D        | Killed Joseph
  2791 | D        | Noticed a giant frog
  2791 | D        | Noticed a hill giant
  2791 | D        | Noticed a hill giant
  2791 | D        | Noticed a vampire mosquito
  2791 | D        | Noticed a komodo dragon
  2791 | D        | Noticed a gargoyle
  2796 | D        | Noticed an ogre mage
  2798 | D        | Killed a hill giant
  2799 | D        | Killed a giant frog
  2806 | D        | Killed a hill giant
  2810 | D        | Noticed a cyclops
  2811 | D        | Killed a vampire mosquito
  2814 | D        | Noticed an ogre mage
  2819 | D        | Killed an ogre mage
  2822 | D        | Killed a komodo dragon
  2827 | D        | Killed a gargoyle
  2832 | D        | Noticed a yaktaur
  2834 | D        | Killed a cyclops
  2838 | D        | Noticed an ettin
  2841 | D        | Killed an ogre mage
  2841 | D        | Reached skill level 17 in Fighting
  2844 | D        | Noticed a great orb of eyes
  2851 | D        | Noticed a fire giant
  2853 | D        | Killed an ettin
  2866 | D        | Noticed a wizard
  2868 | D        | Killed a fire giant
  2868 | D        | Received a gift from Okawaru
  2875 | D        | Killed a great orb of eyes
  2880 | D        | Killed a yaktaur
  2887 | D        | Killed a wizard
  2887 | D        | Received a gift from Okawaru
  3217 | D        | Noticed a merfolk
  3217 | D        | Noticed a centaur
  3217 | D        | Noticed a wind drake
  3217 | D        | Noticed a merfolk impaler
  3217 | D        | Noticed a sea snake
  3217 | D        | Noticed a griffon
  3220 | D        | Noticed a snapping turtle
  3227 | D        | Killed a merfolk
  3227 | D        | Reached XP level 13. HP: 96/96 MP: 5/13
  3228 | D        | Noticed a siren
  3229 | D        | Killed a centaur
  3230 | D        | Noticed a harpy
  3235 | D        | Killed a wind drake
  3235 | D        | Reached skill level 1 in Dodging
  3249 | D        | Killed a merfolk impaler
  3253 | D        | Killed a sea snake
  3263 | D        | Killed a griffon
  3280 | D        | Killed a snapping turtle
  3285 | D        | Killed a siren
  3285 | D        | Reached skill level 18 in Fighting
  3288 | D        | Killed a harpy
  3388 | D        | Noticed a demonic crawler
  3388 | D        | Noticed a wolf spider
  3388 | D        | Noticed a demonic crawler
  3388 | D        | Noticed a hornet
  3388 | D        | Noticed a demonic crawler
  3390 | D        | Noticed a wasp
  3402 | D        | Killed a demonic crawler
  3407 | D        | Noticed an orb spider
  3412 | D        | Killed a wolf spider
  3413 | D        | Noticed a trapdoor spider
  3418 | D        | Killed a demonic crawler
  3423 | D        | Noticed a trapdoor spider
  3429 | D        | Killed a hornet
  3437 | D        | Killed a demonic crawler
  3440 | D        | Killed a wasp
  3444 | D        | Killed an orb spider
  3447 | D        | Killed a trapdoor spider
  3453 | D        | Killed a trapdoor spider
  3460 | D        | Noticed a naga sharpshooter
  3460 | D        | Noticed a shock serpent
  3460 | D        | Noticed a naga warrior
  3460 | D        | Noticed a naga ritualist
  3460 | D        | Noticed a guardian serpent
  3460 | D        | Noticed a black mamba
  3461 | D        | Noticed an anaconda
  3475 | D        | Killed a naga sharpshooter
  3476 | D        | Noticed a naga
  3477 | D        | Noticed a greater naga
  3496 | D        | Killed a naga warrior
  3496 | D        | Reached skill level 5 in Dodging
  3506 | D        | Killed a naga ritualist
  3506 | D        | Received a gift from Okawaru
  3513 | D        | Killed a guardian serpent
  3520 | D        | Killed an anaconda
  3526 | D        | Killed a shock serpent
  3535 | D        | Killed a greater naga
  3548 | D        | Killed a black mamba
  3554 | D        | Killed a naga
  3767 | D        | Noticed a spiny frog
  3767 | D        | Noticed a bog body
  3767 | D        | Noticed a giant leech
  3767 | D        | Noticed a vampire mosquito
  3767 | D        | Noticed a four-headed hydra
  3767 | D        | Noticed a spriggan rider
  3770 | D        | Killed a spiny frog
  3770 | D        | Reached skill level 19 in Fighting
  3773 | D        | Killed a bog body
  3774 | D        | Noticed a hornet
  3775 | D        | Noticed a spriggan rider
  3777 | D        | Killed a giant leech
  3778 | D        | Noticed a swamp drake
  3783 | D        | Killed a four-headed hydra
  3783 | D        | Received a gift from Okawaru
  3792 | D        | Killed a wasp
  3793 | D        | Killed a spriggan
  3800 | D        | Killed a vampire mosquito
  3803 | D        | Killed a hornet
  3804 | D        | Killed a wasp
  3806 | D        | Killed a spriggan
  3815 | D        | Killed a swamp drake
  3853 | D        | Noticed a troll
  3854 | D        | Noticed an orc warrior
  3855 | D        | Noticed Saint Roka
  3859 | D        | Killed a troll
  3860 | D        | Noticed an orc warrior
  3863 | D        | Noticed an ogre
  3869 | D        | Killed an orc warrior
  3903 | D        | Killed Saint Roka
  3903 | D        | Gained mutation: Your large and strong wings let you fly indefinitely. [Gargoyle growth]
  3903 | D        | Reached XP level 14. HP: 27/106 MP: 8/14
  3911 | D        | Killed an orc warrior
  3914 | D        | Killed an ogre
  4206 | D        | Noticed Maurice
  4230 | D        | Killed Maurice
  4278 | D        | Noticed a stone giant
  4278 | D        | Noticed an ogre mage
  4278 | D        | Noticed a yaktaur
  4278 | D        | Noticed a slime creature
  4278 | D        | Noticed an entropy weaver
  4278 | D        | Noticed a deep troll shaman
  4318 | D        | Killed a stone giant
  4329 | D        | Killed an ogre mage
  4339 | D        | Killed a slime creature
  4352 | D        | Killed an entropy weaver
  4356 | D        | Killed a yaktaur
  4369 | D        | Killed a deep troll shaman
  4369 | D        | Reached skill level 20 in Fighting
  4380 | D        | Noticed an ettin
  4394 | D        | Killed an ettin
  4405 | D        | Noticed a yaktaur captain
  4406 | D        | Noticed a yaktaur
  4408 | D        | Noticed a red very ugly thing
  4443 | D        | Killed a yaktaur captain
  4455 | D        | Killed a red very ugly thing
  4456 | D        | HP: 3/108 [burnt (9)]
  4463 | D        | Killed a yaktaur
  4815 | D        | Noticed a frost giant
  4816 | D        | Noticed a giant orange brain
  4817 | D        | Noticed a centaur warrior
  4818 | D        | Noticed an ettin
  4818 | D        | Noticed a tengu conjurer
  4819 | D        | Killed a giant orange brain
  4820 | D        | Noticed a frost giant
  4823 | D        | Noticed a black mamba
  4825 | D        | Noticed an ogre mage
  4827 | D        | Killed a frost giant
  4839 | D        | a black mamba changed into an octopode
  4854 | D        | Killed a frost giant
  4861 | D        | Killed a tengu conjurer
  4872 | D        | Killed a centaur warrior
  4880 | D        | Killed an ogre mage
  4880 | D        | Reached skill level 5 in Invocations
  4888 | D        | Killed an ettin
  4888 | D        | Reached skill level 10 in Dodging
  4957 | D        | Noticed a cyan ugly thing
  4957 | D        | Noticed a vault warden
  4957 | D        | Noticed a hornet
  4957 | D        | Noticed a hill giant
  4957 | D        | Noticed a skeletal warrior
  4957 | D        | Noticed a necromancer
  4968 | D        | Noticed a slime creature
  4968 | D        | Killed a cyan ugly thing
  4969 | D        | Noticed a centaur warrior
  4982 | D        | Killed a vault warden
  4982 | D        | Received a gift from Okawaru
  4988 | D        | Killed a hornet
  5006 | D        | Noticed an ironbrand convoker
  5006 | D        | Killed a hill giant
  5009 | D        | Noticed a basilisk
  5012 | D        | Killed a skeletal warrior
  5019 | D        | Killed a necromancer
  5021 | D        | Noticed a hill giant
  5025 | D        | Noticed a yaktaur
  5029 | D        | Killed a slime creature
  5039 | D        | Killed a centaur warrior
  5039 | D        | Reached skill level 21 in Fighting
  5046 | D        | Killed an ironbrand convoker
  5052 | D        | Killed a basilisk
  5064 | D        | Killed a hill giant
  5065 | D        | Noticed a yaktaur captain
  5068 | D        | Killed a yaktaur
  5069 | D        | Noticed a hornet
  5070 | D        | Noticed a stone giant
  5070 | D        | Noticed a griffon
  5071 | D        | Noticed a stone giant
  5073 | D        | Noticed an ironbrand convoker
  5082 | D        | Killed a yaktaur captain
  5096 | D        | Noticed a crystal guardian
  5096 | D        | Killed a stone giant
  5096 | D        | Received a gift from Okawaru
  5103 | D        | Killed a hornet
  5112 | D        | Killed a griffon
  5118 | D        | Noticed a tentacled monstrosity
  5118 | D        | Noticed a mottled draconian
  5118 | D        | Noticed a merfolk aquamancer
  5128 | D        | Killed a tentacled monstrosity
  5138 | D        | Killed a stone giant
  5138 | D        | Reached XP level 15. HP: 61/115 MP: 16/22
  5139 | D        | Noticed a griffon
  5140 | D        | Noticed an orc knight
  5145 | D        | Killed an ironbrand convoker
  5160 | D        | Killed a crystal guardian
  5180 | D        | Killed a mottled draconian
  5180 | D        | Reached skill level 10 in Invocations
  5188 | D        | Killed a griffon
  5206 | D        | Killed a merfolk aquamancer
  5223 | D        | Killed an orc knight
  5551 | D        | Noticed Mara
  5574 | D        | Noticed nuthulu's illusion
  5586 | D        | Killed Mara
  5586 | D        | Reached skill level 22 in Fighting
  5895 | D        | Noticed Frederick
  5897 | D        | Noticed Jory
  5920 | D        | Killed Frederick
  5973 | D        | Killed Jory
  5975 | D        | Noticed Xtahua
  6053 | D        | Killed from afar by Xtahua

Vault maps used:
D:        linesprint

Action                   |  1- 3 |  4- 6 |  7- 9 | 10-12 | 13-15 || total
-------------------------+-------+-------+-------+-------+-------++-------
Melee: Flail             |    18 |    50 |   131 |    94 |       ||   293
       Morningstar       |       |       |       |   340 |       ||   340
       Mace              |       |       |       |     6 |   834 ||   840
Invok: Heroism           |       |       |     3 |     6 |    14 ||    23
       Finesse           |       |       |       |     4 |     9 ||    13
  Use: Potion            |     1 |       |       |     6 |     6 ||    13
       Scroll            |       |       |     2 |     2 |     2 ||     6
 Stab: Paralysed         |       |       |       |       |     2 ||     2
  Eat: Chunk             |       |       |     1 |     4 |     4 ||     9
       Meat ration       |       |       |       |     1 |       ||     1
       Bread ration      |       |       |       |       |     2 ||     2
       Beef jerky        |       |       |       |       |     1 ||     1
